 Dungeon Crawl Stone Soup version 0.30.0-10-gfe55d96785 (webtiles) character file.

Game seed: 3340463912311049358

3815 2FriedEggs the Summoner (level 9, -3/45 HPs)
             Began as a Deep Elf Summoner on May 13, 2023.
             Was a Follower of Ashenzari.
             Slain by a killer bee (6 damage)
             ... on level 7 of the Dungeon on May 14, 2023.
             The game lasted 00:26:51 (7502 turns).

2FriedEggs the Summoner (Deep Elf Summoner)         Turns: 7502, Time: 00:26:52

Health: -3/45      AC:  3    Str:  5    XL:     9   Next: 97%
Magic:  17/20      EV: 16    Int: 25    God:    Ashenzari [*.....]
Gold:   60         SH:  0    Dex: 15    Spells: 10/20 levels left

rFire   + . .        G - +10 whip "Temiexua" {flame, rF+}
rCold   . . .        (no shield)
rNeg    . . .        a - +0 robe
rPois   .            (no helmet)
rElec   .            i - scarf of Curses and Power {repulsion, Bglg, Elem} (curse)
rCorr   .            v - +0 pair of gloves
SInv    +            (no boots)
Will    .....        r - amulet "Gaze Upon Infinity" {Acrobat, Cun, Elem} (curse)
Stlth   ++           s - ring of see invisible
HPRegen 0.27/turn    (no ring)
MPRegen 0.17/turn

%: repel missiles, acrobat
@: lethally poisoned (-3 -> -9)
A: no striking features
a: Renounce Religion, Curse Item, Shatter the Chains


You were on level 7 of the Dungeon.
You worshipped Ashenzari.
Ashenzari was aware of your devotion.
You visited 1 branch of the dungeon, and saw 8 of its levels.

You collected 390 gold pieces.
You spent 330 gold pieces at shops.

Inventory:

Hand Weapons
 f - a +2 dagger of protection
 n - a +0 dagger of freezing
 B - a +1 trident of flaming
 G - the +10 whip "Temiexua" (weapon) {flame, rF+}
   (You found it on level 7 of the Dungeon)

   rF:        It protects you from fire.
Missiles
 h - 6 javelins
 A - a throwing net
Armour
 a - a +0 robe (worn)
 g - the +1 robe of Ru's Reproof {rPois Will- rCorr Dex-3}
   (You took it off an orc on level 3 of the Dungeon)

   Dex:       It affects your dexterity (-3).
   rPois:     It protects you from poison.
   rCorr:     It protects you from acid and corrosion.
   Will:      It decreases your willpower.
 i - the cursed scarf of Curses and Power (worn) {repulsion, Bglg, Elem}
   (You found it on level 1 of the Dungeon)

   It has a curse which improves the following skills: Beguiling: Conjurations,
   Hexes and Translocations.
   Elements:  Fire Magic, Ice Magic, Air Magic and Earth Magic.
 v - a +0 pair of gloves (worn)
 J - the +0 robe of Panentheism {Will++ rCorr Stlth-}
   (You bought it in a shop on level 1 of the Dungeon)

   rCorr:     It protects you from acid and corrosion.
   Will:      It greatly increases your willpower.
   Stlth:     It makes you less stealthy.
Magical Staves
 j - a staff of conjuration
Jewellery
 r - the cursed amulet "Gaze Upon Infinity" (around neck) {Acrobat, Cun, Elem}
   (You found it on level 4 of the Dungeon)

   [amulet of the acrobat]

   It increases your evasion while moving and waiting.
   It has a curse which improves the following skills: Cunning: Dodging and
   Stealth.
   Elements:  Fire Magic, Ice Magic, Air Magic and Earth Magic.
 s - a ring of see invisible (left hand)
 C - a ring of ice
Wands
 u - a wand of roots (10)
 E - a wand of digging (9)
 I - a wand of light (7)
Scrolls
 d - 2 scrolls of teleportation
 e - a scroll of poison
 l - a scroll of enchant weapon
 o - 3 scrolls of torment
 w - 2 scrolls of identify
 y - a scroll of fog
 F - a scroll of blinking
 H - a scroll of magic mapping
Potions
 b - 2 potions of magic
 c - 2 potions of mutation
 k - a potion of cancellation
 m - 5 potions of heal wounds
 p - 2 potions of lignification
 q - 2 potions of flight
 t - a potion of haste
 x - a potion of curing
 z - a potion of might
 D - a potion of invisibility


   Skills:
 + Level 7.8(8.6) Dodging
 - Level 2.4(3.1) Stealth
 - Level 6.4 Spellcasting
 * Level 13.0 Summonings
 - Level 4.3(5.4) Air Magic


You had 10 spell levels left.
You knew the following spells:

 Your Spells              Type           Power      Damage    Failure   Level
a - Summon Small Mammal   Summ           100%       N/A       1%          1
b - Call Imp              Summ           100%       N/A       1%          2
c - Call Canine Familiar  Summ           64%        N/A       1%          3
d - Summon Lightning Spi  Summ/Air       52%        N/A       1%          4

Your spell library contained the following spells:

 Spells                   Type           Power      Damage    Failure   Level
 Summon Guardian Golem    Hex/Summ       40%        N/A       1%          3
 Slow                     Hex            32%        N/A       7%          1
 Vhi's Electric Charge    Tloc/Air       42%        N/A       7%          3
 Inner Flame              Hex/Fire       8%         N/A       21%         3
 Ozocubu's Armour         Ice            8%         N/A       21%         3
 Confusing Touch          Hex            8%         N/A       22%         3
 Vampiric Draining        Necr           8%         2d6       22%         3
 Arcjolt                  Conj/Air       10%        1d20      54%         5
 Metabolic Englaciation   Hex/Ice        4%         N/A       88%         5
 Yara's Violent Unravell  Hex/Tmut       4%         3d4       89%         5
 Simulacrum               Ice/Necr       4%         N/A       100%        6
 Enfeeble                 Hex            4%         N/A       100%        7
 Maxwell's Capacitive Co  Air            17%        ∞         100%        8


Dungeon Overview and Level Annotations

Branches:
Dungeon (8/15)             Temple (0/1) D:5
   Lair: D:8-11

Altars:
Ashenzari
Dithmenos
Fedhas
Hepliaklqana
Kikubaaqudgha
Nemelex Xobeh
Ru
Trog
Uskayaw
Zin

Shops:
D:1 [   D:4 *


Message History

There is a stone staircase leading up here.
Done exploring.
There is an open door here.
There is a stone staircase leading down here.
You climb downwards.
The two-headed ogre shouts in stereo!
The killer bee buzzes angrily. x3
The killer bee stings you! The killer bee barely misses you. x2
The killer bee closely misses you.
There is a stone staircase leading up here.
The killer bee misses you. The killer bee stings you.
You are poisoned.
The killer bee poisons you! The killer bee misses you.
The killer bee closely misses you. The killer bee stings you.
The killer bee stings you! The killer bee barely misses you.
The killer bee stings you.
You are more poisoned.
The killer bee poisons you!
You climb upwards.
You feel very sick.
There is a stone staircase leading down here.
Casting: Summon Lightning Spire (dangerous; 1% risk of failure)
Confirm with . or Enter, or press ? or * to list all spells.
You feel very sick. The killer bee barely misses you.
The killer bee stings you!
* * * LOW HITPOINT WARNING * * *
The killer bee misses you. The killer bee stings you.
* * * LOW HITPOINT WARNING * * *
The killer bee closely misses you. The killer bee misses you.
The killer bee barely misses you. x2
Unknown command.
You feel better. The killer bee stings you.
* * * LOW HITPOINT WARNING * * *
You are poisoned.
The killer bee poisons you! The killer bee completely misses you.
The killer bee closely misses you. The killer bee misses you.
Your warg bites the killer bee!
The killer bee closely misses you. The killer bee stings you!
* * * LOW HITPOINT WARNING * * *
The killer bee stings you.
You die...

#.# ##...## #####.##### #.##
##.....## #.......... #####..###
##.......###.##..##.##
#........###.........##.#...##.##
#..........+.........'...........
#..##....###.........##.#......##
#..#...#.# ##..h....###.#...####
#..#.#.#.# ##.yyy.## #.#...#####
#......#.# ##y@.## #..........
#........# ##'## ###.#######
####.####### ##.## #.# #........#
##...## #.# #..#####.###.#.#.##
#.# #..#####.##.#...#.#####.#
#.......................#
#.######.##.#...#.#######
#........###.#.#.##


You could see 4 killer bees and a friendly warg (summoned).

Vanquished Creatures
  A phantom (D:4)
  A bullfrog (D:8)
  2 wights (D:7)
  A hound (D:6)
  An iguana (D:6)
  A gnoll (D:5)
  2 adders
  4 dart slugs
  3 ball pythons
  6 bats
  2 endoplasms
  4 giant cockroaches
  2 goblins
  3 hobgoblins
  2 jackals (D:4)
  A quokka (D:3)
  3 frilled lizards
  4 kobolds
  3 rats
46 creatures vanquished.

Vanquished Creatures (collateral kills)
  A boulder beetle (D:7)
  A troll (D:8)
  A hornet (D:8)
  Prince Ribbit (D:5)
  2 water moccasins
  2 sky beasts
  A black bear (D:7)
  An ice beast (D:5)
  An ogre (D:4)
  2 centaurs
  2 bullfrogs
  A gnoll sergeant (D:6)
  3 scorpions (D:5)
  6 wights (D:7)
  3 howler monkeys (D:7)
  3 jellies
  4 hounds
  An orc priest (D:3)
  A gnoll bouda (D:5)
  2 iguanas
  3 sleepcaps
  2 orc wizards
  13 gnolls
  2 adders
  2 white imps (D:6)
  A worm (D:3)
  A dart slug (D:4)
  9 orcs
  An endoplasm (D:1)
  A giant cockroach (D:3)
  3 goblins
  6 hobgoblins
  3 jackals
  4 kobolds
  4 ball pythons
  2 bats
  3 frilled lizards
  A rat (D:3)
100 creatures vanquished.

Grand Total: 146 creatures vanquished

Notes
Turn   | Place    | Note
-------+----------+-------------------------------------------
     0 | D:1      | 2FriedEggs the Deep Elf Summoner began the quest for the
                  | Orb.
     0 | D:1      | Reached XP level 1. HP: 10/10 MP: 6/6
   265 | D:1      | Reached XP level 2. HP: 15/15 MP: 8/8
   444 | D:1      | Reached skill level 5 in Summonings
   500 | D:1      | Learned a level 2 spell: Call Imp
   765 | D:1      | Reached XP level 3. HP: 18/19 MP: 9/9
   769 | D:1      | Learned a level 3 spell: Call Canine Familiar
   828 | D:1      | Found Suyj's Antique Armour Shop.
  1077 | D:2      | Found a faded altar of an unknown god.
  1304 | D:2      | Reached skill level 6 in Summonings
  1579 | D:2      | Reached XP level 4. HP: 22/24 MP: 4/10
  1796 | D:3      | Reached skill level 7 in Summonings
  1796 | D:3      | Reached XP level 5. HP: 28/28 MP: 2/11
  1880 | D:3      | Identified the +1 robe of Ru's Reproof {rPois Will- rCorr
                  | Dex-3}
  2628 | D:4      | Noticed a phantom
  2659 | D:4      | Killed a phantom
  2702 | D:4      | Reached XP level 6. HP: 32/32 MP: 13/13
  2718 | D:4      | Reached skill level 8 in Summonings
  2844 | D:4      | Found a broken altar of Ashenzari.
  2850 | D:4      | Found a hazy altar of Hepliaklqana.
  2850 | D:4      | Found a sparkling altar of Nemelex Xobeh.
  2853 | D:4      | Found Umpas's Assorted Antiques.
  2854 | D:4      | Found a glowing silver altar of Zin.
  2936 | D:4      | Became a worshipper of Ashenzari the Shackled
  2952 | D:4      | Found a hide-covered altar of Uskayaw.
  2975 | D:4      | Bought a gluggy blue potion for 18 gold pieces
  2975 | D:4      | Bought a worn gold wand for 80 gold pieces
  2975 | D:4      | Bought a pair of gloves for 90 gold pieces
  3006 | D:4      | Found a sacrificial altar of Ru.
  3018 | D:4      | Found a shadowy altar of Dithmenos.
  3103 | D:4      | Noticed a water moccasin
  3113 | D:4      | Killed a water moccasin
  3114 | D:4      | Reached skill level 5 in Spellcasting
  3114 | D:4      | Reached XP level 7. HP: 31/36 MP: 7/17
  3338 | D:5      | Entered Level 5 of the Dungeon
  3385 | D:5      | Noticed Prince Ribbit
  3430 | D:5      | Killed Prince Ribbit
  3656 | D:5      | Reached skill level 9 in Summonings
  3731 | D:5      | Found a staircase to the Ecumenical Temple.
  4035 | D:5      | Reached XP level 8. HP: 41/41 MP: 13/19
  4223 | D:5      | Reached skill level 10 in Summonings
  4722 | D:6      | Reached skill level 5 in Dodging
  4870 | D:6      | Reached * piety under Ashenzari
  5059 | D:6      | Reached skill level 11 in Summonings
  5337 | D:6      | Found a blossoming altar of Fedhas.
  5339 | D:6      | Found an ancient bone altar of Kikubaaqudgha.
  5618 | D:7      | Reached XP level 9. HP: 45/45 MP: 20/20
  5933 | D:7      | Learned a level 4 spell: Summon Lightning Spire
  6023 | D:7      | Identified the +10 whip "Temiexua" {flame, rF+}
  6094 | D:7      | Reached skill level 1 in Air Magic
  6137 | D:7      | Reached skill level 12 in Summonings
  6292 | D:7      | Noticed a boulder beetle
  6320 | D:7      | Killed a boulder beetle
  6868 | D:8      | Noticed a troll
  6885 | D:8      | Killed a troll
  7076 | D:8      | Found a bloodstained altar of Trog.
  7109 | D:8      | Reached skill level 13 in Summonings
  7318 | D:1      | Bought a heavily jewelled robe for 142 gold pieces
  7318 | D:1      | Identified the +0 robe of Panentheism {Will++ rCorr Stlth-}
                  | (You bought it in a shop on level 1 of the Dungeon)
  7498 | D:8      | Noticed a two-headed ogre
  7502 | D:7      | Slain by a killer bee

Illustrated notes

Levels and vault maps discovered:
D:1:      wander_arrival_lonely_grave, layout_loops_ring, serial_shops,
          nicolae_shop_pleasant_corner_grove, minmay_surrounded
D:2:      layout_basic, dreamdust_ecumenical_altar_angels_and_demons
D:3:      layout_basic, minmay_circle_x
D:4:      layout_rooms, nicolae_uskayaw_murder_on_the_dancefloor,
          grunt_temple_overflow_open, mainiacjoe_overflow_catch_the_wave,
          serial_shops, shop
D:5:      layout_loops_corners, minmay_temple_entry_offerings,
          uniq_prince_ribbit1
D:6:      layout_basic, grunt_temple_overflow_growth_and_decay,
          minmay_fractal_squares_diagonal_5
D:7:      layout_loops_corners
D:8:      layout_layer_cave, mainiacjoe_overflow_concentric_impassable,
          mainiacjoe_overflow_boulevard, lair_entry_dummy

Skill      XL: |  1  2  3  4  5  6  7  8  9 |
---------------+----------------------------+-----
Summonings     | 5 6 7 8 9 11 13 | 13.0
Spellcasting   | 5 6 |  6.4
Dodging        | 3 6 7 |  7.8
Air Magic      | 4 |  4.3
Stealth        | |  2.4

Action                     |  1- 3 |  4- 6 |  7- 9 || total
---------------------------+-------+-------+-------++-------
  Melee: Unarmed           |     3 |       |       ||     3
         Dagger            |    87 |    54 |    44 ||   185
         Punch             |       |     2 |       ||     2
         Trident           |       |       |    32 ||    32
         Whip              |       |       |     4 ||     4
   Cast: Summon Small Mamm |    20 |     2 |     7 ||    29
         Call Imp          |     4 |     8 |    16 ||    28
         Call Canine Famil |     4 |    18 |    32 ||    54
         Summon Lightning  |       |       |     7 ||     7
 Invoke: Curse Item        |       |       |     2 ||     2
    Use: Scroll            |     4 |     4 |     3 ||    11
         Potion            |       |       |     3 ||     3
   Stab: Sleeping          |     2 |       |     4 ||     6
         Distracted        |       |     1 |     2 ||     3
 Armour: Robe              |    43 |    25 |    15 ||    83
  Dodge: Dodged            |    73 |    41 |    83 ||   197
         Repelled          |     1 |     1 |     1 ||     3
